AoeStats
← SWMG!

Arabia

510315188Analyzed
1v1 RM · 19h ago on Sep 30, 2026· 33m 24s· 2 players
Game mode
Random Map
Map size
Tiny (2 player)
Population
200
Speed
Normal
Resources
Standard
Victory
Conquest
Starting age
Dark Age
Ending age
Imperial Age
RankedLock teamsTeams togetherTeam positionsShared explorationLock speedFull tech treeHidden civsTurbo modeCheats
Victory
Defeat
🇹🇭 Wei · Thailand
996
+16
🇲🇾 Franks · Malaysia
1000
-48
Jontelang
9:21 Feudal Age
10:00 Double-Bit Axe
10:24 Gold Mining
18:42 Castle Age
18:26 Scale Barding Armor
18:33 Bloodlines
18:31 Horse Collar
20:35 Husbandry
21:06 Loom
24:06 Forging
29:23 Padded Archer Armor
SWMG!
11:04 Feudal Age
14:03 Gold Mining
13:59 Double-Bit Axe
22:06 Castle Age
19:55 Loom
20:13 Fletching
22:29 Pikeman
24:36 Forging
26:13 Gambesons
25:55 Elite Skirmisher
Connection lost

Rejoining the realm…

Still unreachable

The connection could not be restored.

Session expired

The server has moved on; the page needs a fresh start.